 Dungeon Sprint DCSS version 0.29-a0-653-gd47aff6735 (webtiles) character file.

Game seed: 8113257190102403425

25 purpskrrrp the Skirmisher (level 3, -19/44 HPs)
             Began as an Ogre Berserker on June 22, 2022.
             Was a Follower of Trog.
             Killed from afar by an acid dragon (30 damage)
             ... with a splash of acid
             ... in the Dungeon (Sprint I: "Red Sonja").
             The game lasted 00:00:50 (28 turns).

purpskrrrp the Skirmisher (Ogre Berserker)            Turns: 28, Time: 00:00:51

Health: -19/44     AC: -4    Str: 23    XL:     3   Next: 4%
Magic:  3/3        EV: 20    Int:  8    God:    Trog [*.....]
Gold:   0          SH:  0    Dex: 13    Spells: 2/2 levels left

rFire   . . .      SeeInvis .   (weapon currently unavailable)
rCold   . . .      Faith    .   (shield currently unavailable)
rNeg    . . .      Spirit   .   (body armour currently unavailable)
rPois   .          Reflect  .   (helmet currently unavailable)
rElec   .          Harm     .   (cloak currently unavailable)
rCorr   .          Rampage  .   (gloves unavailable)
Will    .....      NoTele   +   (boots unavailable)
Stlth   +.........              (no amulet)
HPRegen 0.14/turn               (ring currently unavailable)
MPRegen 0.08/turn               (ring currently unavailable)

@: bat-form (expiring), corroded, on berserk cooldown, flying, slowed, quick
A: fast, flying, no casting, tiny, unfitting armour, (tough skin 1)
a: Renounce Religion, Berserk


You were in the Dungeon.
You worshipped Trog.
Trog was aware of your devotion.
You were a bat.
You visited 1 branch

Inventory:

Hand Weapons
 a - a +0 hand axe (melded)
Armour
 b - a +0 animal skin (melded)
Wands
 i - a wand of polymorph (7) (quivered)
Scrolls
 h - a scroll of blinking
Potions
 d - a potion of heal wounds
 e - a potion of haste
 f - 2 potions of magic
 g - a potion of berserk rage


   Skills:
 + Level 5.9 Fighting
 + Level 4.4 Axes
 + Level 4.0 Dodging
 + Level 0.1 Unarmed Combat


You had 2 spell levels left.
You didn't know any spells.
Your spell library was empty.

Dungeon Overview and Level Annotations

Branches:
Dungeon (1/1)

Altars:


Innate Abilities, Weirdness & Mutations

You are a bat.
You are tiny and dextrous.
You move quickly.
You are flying.
Your equipment is almost entirely melded.
You are incapable of wielding weapons or throwing items.
You cannot cast spells.
You are too large for most types of armour.
((You have tough skin. (AC +1)))


Message History

The ogre evaporates and reforms as an acid dragon!
The acid dragon closely misses you. The acid dragon claws you.
You hit the acid dragon but do no damage.
The acid dragon misses you. The acid dragon completely misses you.
You hit the acid dragon but do no damage.
The acid dragon misses you. The acid dragon claws you.
You hit the acid dragon but do no damage.
The acid dragon spits acid at you. The splash of acid misses you.
The acid dragon barely misses you. The acid dragon claws you.
You hit the acid dragon but do no damage.
The acid dragon misses you. x2
You hit the acid dragon but do no damage.
The acid dragon bites you. The acid dragon claws you.
The acid dragon closely misses you. The acid dragon completely misses you.
You hit the acid dragon.
The acid dragon is lightly wounded.
The acid dragon barely misses you. The acid dragon completely misses you.
You hit the acid dragon but do no damage.
The acid dragon is lightly wounded.
The acid dragon completely misses you. The acid dragon barely misses you.
You hit the acid dragon but do no damage.
The acid dragon is lightly wounded.
Your transformation is almost over.
The acid dragon spits acid at you. The splash of acid hits you!!
* * * LOW HITPOINT WARNING * * *
The acid corrodes you! The acid dragon misses you.
The acid dragon barely misses you.
You feel better. The acid dragon spits acid at you.
The splash of acid misses you.
Aiming: Polymorph
Press: ? - help, Q - select action Shift-Dir - straight line, f/p - acid dragon
Aim: an acid dragon (lightly wounded, will become a sky beast, a tengu, or a wyvern, chance to affect: 49%)
The acid dragon resists with some effort.
The acid dragon spits acid at you. The splash of acid hits you!!
Ouch! That really hurt!
You die...

##########
#<.#.bD..#
#..)..#..+
#..#### +#
#..# #..#
#..# #⌠⌠#
####


You could see an acid dragon (catching breath).

Vanquished Creatures
  Ijyb (D)
1 creature vanquished.

Notes
Turn   | Place    | Note
-------+----------+-------------------------------------------
     0 | D        | purpskrrrp the Ogre Berserker began the quest for the Orb.
     0 | D        | Reached XP level 1. HP: 24/24 MP: 1/1
     1 | D        | Noticed Ijyb
    12 | D        | Killed Ijyb
    13 | D        | Reached skill level 5 in Fighting
    13 | D        | Reached XP level 2. HP: 36/36 MP: 2/2
    13 | D        | Reached XP level 3. HP: 44/44 MP: 3/3
    17 | D        | Noticed an ogre
    18 | D        | Noticed an acid dragon
    18 | D        | an ogre changed into an acid dragon
    26 | D        | HP: 1/44 [acid dragon/splash of acid (19)]
    28 | D        | Killed from afar by an acid dragon

Illustrated notes

Levels and vault maps discovered:
D:        dungeon_sprint_1 [red_sonja_temple_1, red_sonja_temple_small_1]

Skill      XL: |  1 |
---------------+----+-----
Fighting       | 5 |  5.9
Axes           | 4 |  4.4
Dodging        | 4 |  4.0
Unarmed Combat | |  0.1

Action                   || total
-------------------------++-------
Melee: Hand axe          ||     7
       Unarmed           ||    11
Invok: Berserk           ||     1
Evoke: Wand              ||     2
  Use: Potion            ||     1
Armor: Animal skin       ||     2
Dodge: Dodged            ||    19

Table legend: (Time is in decaauts)
 A = Elapsed time spent in this place.
 B = Non-inter-level travel time spent in this place.
 C = Inter-level travel time spent in this place.
 D = Time resting spent in this place.
 E = Time spent auto-exploring this place.
 F = Levels seen in this place.
 G = Mean time per level.
                   A        B        C        D        E       F      G
               +--------+--------+--------+--------+--------+-----+--------+
         Total |     28 |     27 |      1 |      0 |      1 |   1 |   28.0 |
       Dungeon |     28 |     27 |      1 |      0 |      1 |   1 |   28.0 |
               +--------+--------+--------+--------+--------+-----+--------+

Top non-repeatable levels by time:
       D: 28 daAuts
